 Dungeon Crawl Stone Soup version 0.27-a0-1302-g7736ffe575 (webtiles) character file.

Game seed: 4287024294762018575

16975 Delamore the Spear-Bearer (level 12, -4/86 HPs)
             Began as a Formicid Fighter on June 18, 2021.
             Slain by a fire elemental (7 damage)
             ... led by Azrael
             ... on level 13 of the Dungeon.
             The game lasted 00:16:56 (14438 turns).

Delamore the Spear-Bearer (Formicid Fighter)       Turns: 14438, Time: 00:16:56

Health: -4/86      AC: 10    Str: 26    XL:     12   Next: 76%
Magic:  12/12      EV: 10    Int:  8    God:
Gold:   738        SH: 12    Dex: 10    Spells: 11/11 levels left

rFire    . . .     SeeInvis +   R - +8 mithril axe "Arga" {speed, Will+}
rCold    . . .     Faith    .   c - +0 kite shield
rNeg     . . .     Spirit   .   x - +2 ring mail {Will+}
rPois    +         Reflect  .   (helmet unavailable)
rElec    .         Harm     .   C - +0 cloak
rCorr    .         Rampage  .   (no gloves)
Will     +++..                  e - +0 pair of boots
Stlth    ..........             (no amulet)
HPRegen  0.24/turn              J - ring of poison resistance
MPRegen  0.13/turn              (no ring)

@: mighty
A: permanent stasis, dig shafts and tunnels, antennae 3, four strong arms
a: Dig, Shaft Self


You were on level 13 of the Dungeon.
You visited 2 branches of the dungeon, and saw 13 of its levels.

You collected 787 gold pieces.
You spent 49 gold pieces at shops.

Inventory:

Hand Weapons
 a - a +0 trident
 i - a +4 halberd of venom
 R - the +8 mithril axe "Arga" (weapon) {speed, Will+}
   (You took it off a kobold demonologist on level 9 of the Dungeon)

   Attacks with this weapon are significantly faster.
   It increases your willpower.
 S - a +2 broad axe
Missiles
 g - 7 javelins
 h - 13 poisoned darts
 y - 10 boomerangs
 M - 3 silver javelins (quivered)
Armour
 c - a +0 kite shield (worn)
 e - a +0 pair of boots (worn)
 r - a +0 chain mail
 x - a +2 ring mail of willpower (worn)
 C - a +0 cloak (worn)
Jewellery
 z - the ring "Quskufil" {*Corrode rPois rC+ Dex+3}
   (You found it on level 6 of the Dungeon)

   [ring of poison resistance]

   It affects your dexterity (+3).
   It protects you from cold.
   It protects you from poison.
   It may corrode you when you take damage.
 J - a ring of poison resistance (left hand)
 K - an amulet of guardian spirit
 P - a ring of protection from fire
Wands
 D - a wand of iceblast (6)
 E - a wand of digging (4)
 H - a wand of acid (13)
 N - a wand of paralysis (16)
Scrolls
 b - 3 scrolls of enchant weapon
 k - 4 scrolls of noise
 s - a scroll of torment {unknown}
 t - a scroll of fog {unknown}
 w - 2 scrolls of teleportation {unknown}
 A - 2 scrolls of magic mapping {unknown}
 O - a scroll of holy word {unknown}
Potions
 d - a potion of might
 f - 3 potions of haste
 j - 5 potions of brilliance
 m - a potion of ambrosia {unknown}
 o - a potion of resistance
 u - a potion of magic {unknown}
 v - 2 potions of flight
 B - 2 potions of lignification
 F - a potion of mutation {unknown}
 G - a potion of degeneration {unknown}
 I - a potion of invisibility {unknown}
 Q - a potion of attraction {unknown}


   Skills:
 - Level 5.0 Fighting
 * Level 9.9(13.2) Axes
 - Level 14.1(15.2) Polearms
 + Level 4.2 Throwing
 - Level 5.0 Armour
 + Level 9.2 Shields


You had 11 spell levels left.
You didn't know any spells.
Your spell library contained the following spells:

 Spells                   Type           Power      Damage    Failure   Level
 Magic Dart               Conj           0%         1d3       54%         1
 Call Imp                 Summ           0%         N/A       67%         2
 Poisonous Vapours        Pois/Air       0%         N/A       67%         2
 Searing Ray              Conj           0%         3d3       67%         2
 Slow                     Hex            0%         N/A       67%         2
 Confusing Touch          Hex            0%         N/A       88%         3
 Conjure Flame            Conj/Fire      0%         6-21      88%         3
 Dazzling Flash           Conj/Hex       0%         N/A       88%         3
 Gell's Gravitas          Tloc           0%         N/A       88%         3
 Mephitic Cloud           Conj/Pois/Air  0%         N/A       88%         3
 Fulminant Prism          Conj/Hex       0%         3d6       99%         4
 Iskenderun's Mystic Bla  Conj/Tloc      0%         2d3       99%         4
 Petrify                  Tmut/Erth      0%         N/A       99%         4
 Blade Hands              Tmut           0%         N/A       100%        5
 Freezing Cloud           Conj/Ice/Air   0%         6-21      100%        5
 Irradiate                Conj/Tmut      0%         3d13      100%        5
 Metabolic Englaciation   Hex/Ice        0%         N/A       100%        5
 Yara's Violent Unravell  Hex/Tmut       0%         3d3       100%        5
 Statue Form              Tmut/Erth      0%         N/A       100%        6
 Dragon Form              Tmut           0%         N/A       100%        7
 Storm Form               Tmut/Air       0%         N/A       100%        7
 Blink                    Tloc           Unusable   N/A       N/A         2

Dungeon Overview and Level Annotations

Branches:
Dungeon (13/15)            Temple (1/1) D:5            Lair (0/6) D:10
    Orc (0/2) D:10
 Vaults: D:13-14

Altars:
Ashenzari
Cheibriados
Dithmenos
Elyvilon
Fedhas
Hepliaklqana
Kikubaaqudgha
Makhleb
Nemelex Xobeh
Okawaru
Qazlal
Ru
Sif Muna
Trog
Uskayaw
Vehumet
Wu Jian
Xom
The Shining One

Shops:
D:4 ?(   D:6 [


Innate Abilities, Weirdness & Mutations

You cannot be hasted, slowed, berserked, paralysed or teleported.
You can dig through walls and to a lower floor.
You have a pair of large antennae on your head. (SInv)
Your four strong arms can wield two-handed weapons with a shield.


Message History

The centaur warrior looks frightened!
An efreet comes into view.
It is wielding a +1 scimitar of flaming.
You slice the manticore!!
The manticore is moderately wounded.
You catch the helpless centaur warrior completely off-guard!
You slice the centaur warrior!!
Your attack snaps the centaur warrior out of its fear.
Cornered, the centaur warrior turns to fight!
The manticore bites you but does no damage.
The manticore barely misses you. You block the manticore's attack.
You barely miss the manticore.
The manticore is moderately wounded.
You barely miss the centaur warrior.
The centaur warrior unwields a +0 longbow.
You block the centaur warrior's attack. The centaur warrior closely misses you.
You slice the manticore!!
You kill the manticore!
You barely miss the centaur warrior.
The centaur warrior shoots an arrow.
The arrow hits you!
* * * LOW HITPOINT WARNING * * *
The centaur warrior hits you but does no damage.
You block the centaur warrior's attack.
You hit the centaur warrior.
The centaur warrior is moderately wounded.
A fire elemental comes into view.
You feel much better. The centaur warrior hits you.
* * * LOW HITPOINT WARNING * * *
The centaur warrior kicks you but does no damage.
You block the fire elemental's attack.
The centaur warrior hits you but does no damage.
The centaur warrior kicks you but does no damage.
The fire elemental hits you. The fire elemental burns you!
* * * LOW HITPOINT WARNING * * *
As you read the scroll of fear, it crumbles to dust.
You assume a fearsome visage.
The centaur warrior looks frightened! x2
The fire elemental is unaffected.
The centaur warrior begs for mercy.
Cornered, the centaur warrior turns to fight!
The fire elemental hits you. The fire elemental burns you!
You die...

#.#.##...### ##.##.#.#.#
# #### ###.##......#.#
≈≈≈≈≈ ≈#)##..)#......
#..c#######≈#........##.#
#...'{.{{°#≈#....###.#...
#..{{c#≈#).#.# .... .
#..##E#≈#....###.#... {{
#..#@c#≈#........##.# {
#..####≈..###.#......
#......≈.## .... #.#
#≈≈≈..{...≈#.# #..# #
#{8{..####≈##.# ....###
#≈≈≈... #≈# ## .##....
...{.... #≈. ....#.
......... #≈## #(..
##..#..... {≈# ....##


You could see 2 centaur warriors and a fire elemental.

Vanquished Creatures
  A hydra (D:13)
  2 centaur warriors (D:13)
  A death knight (D:13)
  2 two-headed ogres
  A skeletal warrior (D:12)
  A deep elf pyromancer (D:13)
  2 manticores (D:13)
  3 ugly things (D:13)
  3 gargoyles
  2 kobold demonologists
  A tengu conjurer (D:13)
  A meliai (D:13)
  A polar bear (D:9)
  3 slime creatures (D:13)
  5 shadows
  A wraith (D:13)
  3 wyverns
  9 yaks
  Grum (D:9)
  A steam dragon (D:8)
  4 vampire mosquitoes (D:13)
  An acid dragon (D:13)
  4 water moccasins
  A black bear (D:7)
  2 ice beasts
  3 sky beasts
  3 ogres
  6 wolves (D:9)
  4 centaurs
  3 phantoms
  Blork the orc (D:5)
  7 bullfrogs
  3 scorpions
  A wyvern zombie (D:7)
  5 killer bees (D:7)
  7 wights
  2 howler monkeys (D:7)
  3 hounds (D:4)
  An orc priest (D:6)
  An iguana (D:6)
  6 orc wizards
  2 hound skeletons
  5 adders
  8 gnolls
  2 howler monkey skeletons
  3 white imps
  An ufetubus (D:7)
  3 worms
  2 dart slugs
  22 orcs
  4 ball pythons
  10 endoplasms
  4 giant cockroaches
  4 goblins
  6 hobgoblins
  8 quokkas
  7 bats
  2 frilled lizards (D:3)
  5 kobolds
  6 rats
216 creatures vanquished.

Vanquished Creatures (others)
  An unseen horror (D:13)
  A meliai simulacrum (D:13)
  2 fungi (D:10)
  25 plants (D:10)
29 creatures vanquished.

Grand Total: 245 creatures vanquished

Notes
Turn   | Place    | Note
-------+----------+-------------------------------------------
     0 | D:1      | Delamore the Formicid Fighter began the quest for the Orb.
     0 | D:1      | Reached XP level 1. HP: 18/18 MP: 1/1
   148 | D:1      | Reached XP level 2. HP: 22/24 MP: 2/2
   414 | D:1      | Reached XP level 3. HP: 20/30 MP: 3/3
   528 | D:1      | Reached skill level 3 in Polearms
   631 | D:1      | Found a faded altar of an unknown god.
  1330 | D:2      | Reached XP level 4. HP: 37/37 MP: 4/4
  1534 | D:2      | Identified a scroll of acquirement
  1534 | D:2      | Acquired a +4 halberd of venom
  1961 | D:3      | Found a shimmering blue altar of Sif Muna.
  2028 | D:3      | Reached skill level 4 in Polearms
  2028 | D:3      | Reached XP level 5. HP: 42/42 MP: 5/5
  2204 | D:3      | Found a radiant altar of Vehumet.
  2568 | D:4      | Found Anemueca's Magic Scroll Shop.
  2576 | D:4      | Bought a scroll of fear for 38 gold pieces
  2576 | D:4      | Bought a scroll of noise for 11 gold pieces
  2687 | D:4      | Reached skill level 5 in Polearms
  2687 | D:4      | Reached XP level 6. HP: 50/50 MP: 6/6
  3095 | D:4      | Found Juhuubli's Weapon Emporium.
  3221 | D:4      | Found a shadowy altar of Dithmenos.
  3493 | D:5      | Entered Level 5 of the Dungeon
  3500 | D:5      | Reached skill level 5 in Fighting
  3576 | D:5      | Reached skill level 6 in Polearms
  3576 | D:5      | Reached XP level 7. HP: 23/56 MP: 7/7
  3863 | D:5      | Noticed Blork the orc
  4042 | D:5      | Killed Blork the orc
  4043 | D:5      | Reached skill level 7 in Polearms
  4172 | D:5      | Found a sparkling altar of Nemelex Xobeh.
  4394 | D:5      | Found a staircase to the Ecumenical Temple.
  4443 | Temple   | Entered the Ecumenical Temple
  5582 | D:6      | Reached skill level 8 in Polearms
  5582 | D:6      | Reached XP level 8. HP: 59/62 MP: 8/8
  5702 | D:6      | Identified the ring "Quskufil" {*Corrode rPois rC+ Dex+3}
  5937 | D:6      | Found Lomnix's Armour Shop.
  6253 | D:6      | Reached skill level 9 in Polearms
  6870 | D:7      | Reached skill level 10 in Polearms
  6870 | D:7      | Reached XP level 9. HP: 59/68 MP: 9/9
  7097 | D:7      | Reached skill level 11 in Polearms
  7223 | D:7      | Found a sacrificial altar of Ru.
  7799 | D:8      | Noticed a two-headed ogre
  7805 | D:8      | Killed a two-headed ogre
  7806 | D:8      | Reached skill level 12 in Polearms
  7806 | D:8      | Reached XP level 10. HP: 29/74 MP: 10/10
  8298 | D:8      | Reached skill level 13 in Polearms
  9617 | D:9      | Noticed a kobold demonologist
  9636 | D:9      | HP: 1/74 [kobold demonologist (7)]
 10118 | D:9      | Reached skill level 14 in Polearms
 10134 | D:9      | Killed a kobold demonologist
 10255 | D:9      | Reached skill level 1 in Axes
 10463 | D:9      | Noticed Grum
 10492 | D:9      | Killed Grum
 10497 | D:9      | Reached XP level 11. HP: 7/79 MP: 11/11
 11025 | D:9      | Reached skill level 5 in Shields
 11095 | D:10     | Entered Level 10 of the Dungeon
 11389 | D:10     | Found a staircase to the Lair.
 11399 | D:10     | Reached skill level 5 in Axes
 11791 | D:10     | Found a staircase to the Orcish Mines.
 11806 | D:10     | You fall into a shaft and drop 2 floors!
 12057 | D:12     | Noticed a two-headed ogre
 12066 | D:12     | Killed a two-headed ogre
 12295 | D:12     | Noticed a skeletal warrior
 12296 | D:12     | Noticed a skeletal warrior
 12300 | D:12     | Noticed a skeletal warrior
 12322 | D:12     | Killed a skeletal warrior
 12959 | D:13     | Reached skill level 1 in Throwing
 13174 | D:13     | Reached XP level 12. HP: 81/86 MP: 12/12
 13675 | D:13     | Noticed a centaur warrior
 13698 | D:13     | Killed a centaur warrior
 13927 | D:13     | Reached skill level 5 in Armour
 14050 | D:13     | Noticed a centaur warrior
 14063 | D:13     | Killed a centaur warrior
 14191 | D:13     | Noticed a death knight
 14209 | D:13     | Killed a death knight
 14403 | D:13     | Noticed a centaur warrior
 14407 | D:13     | Noticed a five-headed hydra
 14430 | D:13     | Killed a six-headed hydra
 14430 | D:13     | Noticed a centaur warrior
 14437 | D:13     | HP: 3/86 [fire elemental[Azrael] (13)]
 14438 | D:13     | Slain by a fire elemental

Illustrated notes

Levels and vault maps discovered:
D:1:      amcnicky_arrival_choice, layout_rooms, serial_forest,
          infiniplex_forest_straight_2, infiniplex_forest_lined_3,
          infiniplex_forest_clump_large, infiniplex_forest_zigzag_1,
          infiniplex_forest_clump_tiny,
          shapermc_ecumenical_altar_mp_ritualfount, minmay_bisected
D:2:      layout_basic
D:3:      layout_basic, overflow_temple_1_default, amcnicky_altar_gilded
D:4:      layout_loops_corners, marbit_many_paths, serial_shops,
          nicolae_stop_n_shop_2, nicolae_take_the_stairs, kennysheep_crisscross
D:5:      layout_layer_cave, general_overflow_altar,
          minmay_temple_entry_antechambers, uniq_blork_the_orc
D:6:      layout_gridville, serial_shops, shop
D:7:      kennysheep_spiral_hall, layout_basic, nicolae_ru_sacrificial_ziggurat
D:8:      layout_basic, kennysheep_generic_room_6
D:9:      layout_roguey, serial_ice, serial_ice_e, serial_ice_o, serial_ice_n,
          serial_ice_c, uniq_grum
D:10:     layout_loops_ring, yredelemnul_altar_generic,
          grunt_temple_overflow_gold_and_silver, minmay_lair_entry_grove,
          orc_0_dummy, minivault_15, serial_bayou_crossing
D:12:     layout_roguey, hangedman_decor_points, eino_jars
D:13:     cheibrodos_ideogram_h, layout_loops_ring, grunt_vaults_entry_tiered,
          minmay_fractal_squares_5, uniq_frances, uniq_rupert, uniq_azrael
Temple:   dpeg_chambers_temple

Skill      XL: |  1  2  3  4  5  6  7  8  9 10 11 12 |
---------------+-------------------------------------+-----
Polearms       | 3 4 5 6 8 10 12 14 | 14.1
Fighting       | 4 5 |  5.0
Axes           | 2 8 9 |  9.9
Shields        | 4 7 9 |  9.2
Throwing       | 1 4 |  4.2
Armour         | 5 |  5.0

Action                   |  1- 3 |  4- 6 |  7- 9 | 10-12 || total
-------------------------+-------+-------+-------+-------++-------
Melee: Trident           |   103 |     8 |       |     5 ||   116
       Halberd           |       |   129 |   198 |   115 ||   442
       Broad axe         |       |       |       |   264 ||   264
Throw: Dart              |       |       |       |     4 ||     4
       Javelin           |       |       |       |     2 ||     2
 Abil: Dig               |       |     3 |     4 |    16 ||    23
Evoke: Wand              |       |       |       |     4 ||     4
  Use: Scroll            |     2 |     2 |     2 |     9 ||    15
       Potion            |       |       |       |     8 ||     8
 Stab: Fleeing           |       |       |       |     1 ||     1
Armor: Scale mail        |    26 |    21 |       |       ||    47
       Chain mail        |       |    22 |     4 |       ||    26
       Ring mail         |       |       |    48 |   105 ||   153
Dodge: Dodged            |    35 |    32 |    56 |    95 ||   218
Block: Kite shield       |    51 |    58 |    85 |   166 ||   360

Table legend: (Time is in decaauts)
 A = Elapsed time spent in this place.
 B = Non-inter-level travel time spent in this place.
 C = Inter-level travel time spent in this place.
 D = Time resting spent in this place.
 E = Time spent auto-exploring this place.
 F = Levels seen in this place.
 G = Mean time per level.
                   A        B        C        D        E       F      G
               +--------+--------+--------+--------+--------+-----+--------+
         Total |  14520 |  14053 |    467 |   4532 |   7625 |  13 | 1116.9 |
       Dungeon |  14250 |  13802 |    448 |   4532 |   7376 |  12 | 1187.5 |
        Temple |    269 |    250 |     19 |      0 |    249 |   1 |  269.0 |
               +--------+--------+--------+--------+--------+-----+--------+

Top non-repeatable levels by time:
    D:13: 2050 daAuts
     D:9: 2014 daAuts
     D:5: 1680 daAuts
     D:8: 1284 daAuts
     D:4: 1129 daAuts
     D:6: 1129 daAuts
     D:7: 1128 daAuts
     D:2: 1070 daAuts
     D:1: 857 daAuts
    D:10: 701 daAuts
     D:3: 671 daAuts
    D:12: 532 daAuts
  Temple: 269 daAuts
